 Dungeon Crawl Stone Soup version 0.17.0-7-gfadd4cc (webtiles) character file.

1663 MDvedh the Cleaver (level 9, 0/73 HPs)
             Began as a Hill Orc Ice Elementalist on Nov 8, 2015.
             Was an Initiate of Beogh.
             Slain by an unseen horror (6 damage)
             ... on level 7 of the Dungeon.
             The game lasted 00:23:05 (8713 turns).

MDvedh the Cleaver (Hill Orc Ice Elementalist)      Turns: 8713, Time: 00:23:05

Health: 0/73       AC: 16    Str: 19      XL:     9   Next: 1%
Magic:  0/11       EV:  5    Int: 20      God:    Beogh [......]
Gold:   248        SH:  2    Dex:  7 (11) Spells: 1 memorised, 10 levels left

rFire  . . .     SeeInvis .     m - +3 hand axe
rCold  . . .     Clarity  .     w - +0 plate armour
rNeg   . . .     SustAt   .     n - +0 buckler
rPois  .         Gourm    .     a - +1 helmet
rElec  .         Spirit   +     (no cloak)
rCorr  .         Warding  .     d - +0 pair of gloves
rMut   .         Stasis   .     (no boots)
MR     .....                    q - amulet of guardian spirit
Stlth  ..........               f - ring of stealth
                                o - ring of wizardry

@: mighty, brilliant, not resistant to hostile enchantments, extremely
unstealthy
A: no striking features
a: Renounce Religion


You were on level 7 of the Dungeon.
You worshipped Beogh.
Beogh was noncommittal.
You were very hungry.

You visited 1 branch of the dungeon, and saw 7 of its levels.
You also visited: Sewer.

You collected 248 gold pieces.

Inventory:

Hand Weapons
 i - a +0 spear of venom
 m - a +3 hand axe (weapon)
Armour
 a - a +1 helmet (worn)
 d - a +0 pair of gloves (worn)
 g - a +0 pair of gloves
 n - a +0 buckler (worn)
 w - a +0 plate armour (worn)
Jewellery
 f - a ring of stealth (right hand)
 o - a ring of wizardry (left hand)
 q - an amulet of guardian spirit (around neck)
 A - an uncursed ring of flight {unknown}
Wands
 u - a wand of disintegration (7)
 D - a wand of digging (12)
Scrolls
 j - a scroll of remove curse
 y - 2 scrolls of immolation
 z - 2 scrolls of identify
 F - a scroll of magic mapping {unknown}
Potions
 h - 9 potions of flight
 p - 2 potions of invisibility
 r - a potion of cancellation
 G - a potion of lignification {unknown}
Books
 b - a book of Frost

   Spells                             Type                      Level
   a - Freeze                         Ice                          1
   b - Throw Frost                    Conjuration/Ice              2
   c - Ozocubu's Armour               Charms/Ice                   3
   d - Throw Icicle                   Conjuration/Ice              4
   e - Summon Ice Beast               Ice/Summoning                4
   f - Condensation Shield            Ice                          4
Comestibles
 c - 4 bread rations
 E - a meat ration


   Skills:
 - Level 4.9 Fighting
 + Level 11.5 Axes
 - Level 4.9 Armour
 - Level 1.5 Dodging
 - Level 1.5 Stealth
 - Level 1.5 Spellcasting
   Level 1.0 Conjurations
 - Level 2.6 Ice Magic


You had 10 spell levels left.
You knew the following spells:

 Your Spells              Type           Power        Failure   Level  Hunger
a - Freeze                Ice            ###.         50%         1    #......


Dungeon Overview and Level Annotations

Branches:
Dungeon (7/15)
 Temple: D:4-7

Altars:
Elyvilon
Gozag

Shops:
D:6 %

Annotations:
D:5 dorian's ghost, novice DsAK


Message History

Something hits you but does no damage.
Read which item? (? for menu, Esc to quit)
As you read the scroll labeled SOOLE GANA, it crumbles to dust.
Your +3 hand axe glows pulsating aubergine for a moment.
It was a scroll of random uselessness.
Something hits you.
* * * LOW HITPOINT WARNING * * *
Unknown command.
Read which item? (? for menu, Esc to quit)
As you read the scroll labeled GEVUNK AMMER, it crumbles to dust.
It is a scroll of enchant armour.
Enchant which item? (? for menu, Esc to quit)
Your +0 helmet glows green for a moment.
Something hits you.
* * * LOW HITPOINT WARNING * * *
Read which item? (? for menu, Esc to quit)
As you read the scroll labeled CATUT SIPNECSU, it crumbles to dust.
Your body is wracked with pain!
* * * LOW HITPOINT WARNING * * *
It was a scroll of torment.
Something hits you!
You die...

#####.# #)....#
#.###.#####
#.#.......######
#.#.#.##........
####.#.#.##........
#......#.##........
#.#..#.............
#.#@.#.#.##########
#.#..#.#..........
#.#..#.###########
#.#..#.# #.#..#.#
#.#..#.# #..#.#
#..#.# #..#.#


There were no monsters in sight!

Vanquished Creatures
  A black bear (D:6)
  A phantom (D:6)
  An orc warrior (D:6)
  4 ogres
  A giant frog (D:6)
  2 scorpions
  2 crimson imps (D:6)
  5 hounds
  A gnoll shaman (D:3)
  6 orc wizards
  3 worker ants (D:4)
  An iguana (D:5)
  A hound skeleton (D:5)
  Robin (D:3)
  9 gnolls
  8 adders
  A shadow imp (D:6)
  3 oozes (Sewer)
  5 worms
  3 adder skeletons
  4 giant geckos
  22 orcs
  5 ball pythons
  17 goblins
  10 hobgoblins
  7 jackals
  5 quokkas
  13 bats
  7 giant cockroaches
  6 giant newts
  A jackal skeleton (D:6)
  8 kobolds
  5 rats
169 creatures vanquished.

Vanquished Creatures (others)
  An orc priest (D:6)
  3 orcs (D:6)
4 creatures vanquished.

Grand Total: 173 creatures vanquished

Notes
Turn   | Place    | Note
--------------------------------------------------------------
     0 | D:1      | MDvedh the Hill Orc Ice Elementalist began the quest for the Orb.
     0 | D:1      | Reached XP level 1. HP: 14/14 MP: 3/3
   180 | D:1      | Reached skill level 1 in Fighting
   436 | D:1      | Reached XP level 2. HP: 15/23 MP: 1/4
   613 | D:1      | Reached skill level 1 in Armour
  1406 | D:2      | Reached XP level 3. HP: 19/29 MP: 5/5
  2005 | D:2      | You fall through a shaft for 2 floors!
  2134 | D:4      | Reached skill level 3 in Fighting
  2134 | D:4      | Reached XP level 4. HP: 30/38 MP: 6/6
  2265 | D:4      | Reached XP level 5. HP: 19/45 MP: 7/7
  2523 | D:3      | Noticed Robin
  2554 | D:3      | Killed Robin
  2736 | D:3      | Reached skill level 4 in Fighting
  2906 | D:3      | Found an opulent altar of Gozag.
  3917 | D:3      | Reached XP level 6. HP: 34/53 MP: 8/8
  4321 | D:4      | Found a white marble altar of Elyvilon.
  4345 | D:4      | Reached skill level 1 in Axes
  4486 | D:4      | Noticed an ogre
  5021 | D:4      | Reached XP level 7. HP: 30/60 MP: 4/9
  5143 | D:5      | Entered Level 5 of the Dungeon
  5161 | D:5      | Reached skill level 5 in Axes
  5312 | D:5      | Noticed dorian's ghost (novice DsAK)
  5452 | D:4      | Killed an ogre
  5625 | D:5      | Reached skill level 6 in Axes
  5838 | D:5      | Reached skill level 7 in Axes
  6761 | D:4      | Reached XP level 8. HP: 67/67 MP: 10/10
  6809 | D:6      | Found Bovuutz's Food Emporium.
  6869 | D:6      | Reached skill level 8 in Axes
  6891 | D:6      | Found a glowing drain.
  6956 | Sewer    | Entered a sewer
  7436 | Sewer    | Reached skill level 9 in Axes
  7529 | D:6      | Became a worshipper of Beogh the Brigand
  7755 | D:6      | Reached skill level 10 in Axes
  8410 | D:6      | Reached skill level 11 in Axes
  8571 | D:7      | Reached XP level 9. HP: 73/73 MP: 11/11
  8713 | D:7      | Slain by an unseen horror

Action                   |  1- 3 |  4- 6 |  7- 9 || total
-------------------------+-------+-------+-------++-------
Melee: Unarmed           |     6 |       |       ||     6
       Short sword       |    59 |       |       ||    59
       Spear             |    55 |   221 |    36 ||   312
       Hand axe          |       |    43 |   489 ||   532
 Cast: Freeze            |    14 |       |       ||    14
Invok: Convert to Beogh  |       |       |     1 ||     1
  Use: Scroll            |     2 |     5 |     7 ||    14
       Potion            |       |     1 |    10 ||    11
 Stab: Sleeping          |     3 |       |       ||     3
  Eat: Chunk             |     4 |     5 |     9 ||    18
       Bread ration      |       |     1 |       ||     1
       Pizza             |       |       |     2 ||     2
